 Dungeon Crawl Stone Soup version 0.27.1 (webtiles) character file.

Game seed: 4267948593192599847

56 Descartes the Sneak (level 3, -1/19 HPs)
             Began as a Felid Wanderer on Aug 25, 2021.
             Slain by an iguana (9 damage)
             ... on level 4 of the Dungeon.
             The game lasted 00:02:38 (2203 turns).

Descartes the Sneak (Felid Wanderer)                Turns: 2203, Time: 00:02:38

Health: -1/19      AC:  1    Str:  9    XL:     3   Next: 69%
Magic:  4/4        EV: 18    Int: 12    God:
Gold:   75         SH:  0    Dex: 16    Spells: 2/2 levels left
                                        Lives:  0   Deaths: 0

rFire    . . .     SeeInvis +   (weapon unavailable)
rCold    . . .     Faith    .   (shield unavailable)
rNeg     . . .     Spirit   .   (armour unavailable)
rPois    .         Reflect  .   (helmet unavailable)
rElec    .         Harm     .   (cloak unavailable)
rCorr    .         Rampage  .   (gloves unavailable)
Will     .....                  (boots unavailable)
Stlth    +++.......             (no amulet)
HPRegen  0.06/turn              (no ring)
MPRegen  0.09/turn              (no ring)

@: quick
A: very small, claws 1, fangs 3, see invisible, speed 1, shaggy fur 1, stealthy
paws, no weapons or thrown items, no armour, multi-lived
a: no special abilities


You were on level 4 of the Dungeon.
You visited 1 branch of the dungeon, and saw 4 of its levels.

You collected 75 gold pieces.

Inventory:

Scrolls
 a - a scroll of teleportation
 c - 2 scrolls of magic mapping {unknown}
 e - a scroll of immolation {unknown}
 f - a scroll of identify {unknown}
 i - a scroll of fog {unknown}
 j - a scroll of enchant weapon {unknown}
 k - a scroll of fear {unknown}
Potions
 b - 2 potions of curing
 d - a potion of heal wounds {unknown}
 g - a potion of brilliance {unknown}
 h - a potion of berserk rage {unknown}


   Skills:
 - Level 5.0 Fighting
 + Level 3.5 Dodging
 + Level 6.5 Stealth


You had 2 spell levels left.
You didn't know any spells.
Your spell library contained the following spells:

 Spells                   Type           Power      Damage    Failure   Level
 Conjure Flame            Conj/Fire      0%         6-21      69%         3
 Ignite Poison            Fire/Tmut/Pois 0%         N/A       69%         3
 Tukima's Dance           Hex            0%         N/A       69%         3
 Passage of Golubria      Tloc           N/A        N/A       97%         4
 Sticky Flame             Conj/Fire      0%         2d3       97%         4
 Yara's Violent Unravell  Hex/Tmut       0%         3d3       100%        5


Dungeon Overview and Level Annotations

Branches:
Dungeon (4/15)
 Temple: D:4-7

Altars:

Shops:
D:3 [


Innate Abilities, Weirdness & Mutations

You have sharp claws.
You have razor-sharp teeth.
You have supernaturally acute eyesight. (SInv)
You cover ground quickly. (Speed+)
You are covered in fur. (AC +1)
Your paws help you pounce on unaware monsters.
You are incapable of wielding weapons or throwing items.
You cannot wear armour.
You gain extra lives every three experience levels.


Message History

You scratch the iguana.
The iguana is moderately wounded.
The iguana barely misses you.
You barely miss the iguana.
The iguana is moderately wounded.
The iguana misses you.
You scratch the iguana. You bite the iguana, but do no damage.
The iguana is heavily wounded.
The iguana closely misses you.
You barely miss the iguana. You bite the iguana.
The iguana is severely wounded.
The iguana closely misses you.
You barely miss the iguana.
The iguana is severely wounded.
The iguana closely misses you.
You closely miss the iguana.
The iguana is severely wounded.
The iguana bites you!
Ouch! That really hurt!
You are too injured to fight recklessly!
You are too injured to fight recklessly!
You scratch the iguana.
The iguana is almost dead.
The iguana closely misses you.
You scratch the iguana but do no damage.
The iguana is severely wounded.
The iguana misses you.
You closely miss the iguana. Your bite misses the iguana.
The iguana is severely wounded.
The iguana completely misses you.
You barely miss the iguana.
The iguana is severely wounded.
The iguana barely misses you.
You scratch the iguana but do no damage.
The iguana is severely wounded.
The iguana misses you.
You scratch the iguana.
The iguana is almost dead.
The iguana bites you!
You die...

# .# ##.# ..:#
# ..##
####.###l..####
#......@.......
#.###..#.#..###
#..#.# # #..###
.... .#..#
#.#.$# # #..#


You could see an iguana.

Vanquished Creatures
  A worm (D:2)
  2 dart slugs
  3 orcs (D:2)
  4 ball pythons
  6 endoplasms
  4 giant cockroaches (D:1)
  3 goblins
  3 hobgoblins
  2 jackals (D:1)
  A quokka (D:1)
  3 bats (D:1)
  6 kobolds
  3 rats (D:1)
41 creatures vanquished.

Notes
Turn   | Place    | Note
-------+----------+-------------------------------------------
     0 | D:1      | Descartes the Felid Wanderer began the quest for the Orb.
     0 | D:1      | Descartes set off with the following items: a scroll of
                  | teleportation, a potion of curing
     0 | D:1      | Reached XP level 1. HP: 12/12 MP: 2/2
    92 | D:1      | Reached XP level 2. HP: 12/16 MP: 3/3
   364 | D:1      | Reached skill level 6 in Stealth
   443 | D:1      | Found a faded altar of an unknown god.
   636 | D:1      | Reached XP level 3. HP: 19/19 MP: 4/4
   826 | D:1      | You fall into a shaft and drop 1 floor!
  2050 | D:2      | You fall into a shaft and drop 2 floors!
  2087 | D:3      | Found Gamoy's Antique Armour Boutique.
  2187 | D:3      | You fall into a shaft and drop 1 floor!
  2203 | D:4      | Slain by an iguana

Illustrated notes

Levels and vault maps discovered:
D:1:      dpeg_arrival_pond, layout_loops_ring, ebering_ecumenical_altar_rust,
          minmay_split_cup_small
D:2:      layout_loops_ring
D:3:      layout_loops_ring, serial_shops, nicolae_shop_crystal
D:4:      layout_loops_ring, minmay_misc_feat_nine_boxes

Skill      XL: |  1  2 |
---------------+-------+-----
Dodging        | 2 3 |  3.5
Stealth        | 6 |  6.5
Fighting       | |  5.0

Action                   || total
-------------------------++-------
Melee: Unarmed           ||   146
       Bite              ||    19
 Stab: Sleeping          ||    15
Armor: Skin              ||    11
Dodge: Dodged            ||   101
